 Dungeon Crawl Stone Soup version 0.21.0 (webtiles) character file.

48 tidbits the Sneak (level 3, 14/14 HPs)
             Began as a Felid Earth Elementalist on Jan 6, 2018.
             Quit the game on level 4 of the Dungeon.
             The game lasted 00:05:45 (430 turns).

tidbits the Sneak (Felid Earth Elementalist)         Turns: 430, Time: 00:05:46

Health: 14/14      AC:  1    Str:  5    XL:     3   Next: 50%
Magic:  7/7        EV: 18    Int: 16    God:
Gold:   60         SH:  0    Dex: 16    Spells: 3/6 levels left
                                        Lives:  0   Deaths: 1

rFire    . . .     SeeInvis +   j - scroll of identify
rCold    . . .     Gourm    .   (shield unavailable)
rNeg     . . .     Faith    .   (armour unavailable)
rPois    .         Spirit   .   (helmet unavailable)
rElec    .         Reflect  .   (cloak unavailable)
rCorr    .         Harm     .   (gloves unavailable)
MR       .....                  (boots unavailable)
Stlth    +++.......             (no amulet)
HPRegen  0.04/turn              (no ring)
MPRegen  0.10/turn              (no ring)

@: quick
A: very small, no armour, no weapons or thrown items, stealth, claws 1, fangs 3,
see invisible, carnivore, speed 1, shaggy fur 1, slow metabolism 1, sharp paws
a: no special abilities


You were on level 4 of the Dungeon.
You were not hungry.

You visited 1 branch of the dungeon, and saw 4 of its levels.

You collected 60 gold pieces.

Inventory:

Missiles
 b - 22 stones
Wands
 i - a wand of iceblast (2)
Scrolls
 a - 2 scrolls of enchant armour {unknown}
 f - a scroll of teleportation
 h - 2 scrolls of remove curse {unknown}
 j - a scroll of identify (in mouth)
Potions
 e - 4 potions of flight
 g - 2 potions of haste
Books
 d - a book of Geomancy

   Spells                             Type                      Level
   a - Sandblast                      Earth                        1
   b - Passwall                       Transmutation/Earth          2
   c - Stone Arrow                    Conjuration/Earth            3
   d - Petrify                        Transmutation/Earth          4
   e - Lee's Rapid Deconstruction     Earth                        5
Comestibles
 c - 4 rations


   Skills:
 - Level 2.6 Dodging
 + Level 5.2 Stealth
 + Level 2.8 Unarmed Combat
 - Level 2.0 Spellcasting
 - Level 1.1 Transmutations
 - Level 2.6 Earth Magic


You had 3 spell levels left.
You knew the following spells:

 Your Spells              Type           Power        Failure   Level  Hunger
a - Sandblast             Erth           ##....       7%          1    #......
p - Passwall              Tmut/Erth      #.........   14%         2    ###....


Dungeon Overview and Level Annotations

Branches:
Dungeon (4/15)
 Temple: D:4-7

Altars:

Shops:
D:4 :


Innate Abilities, Weirdness & Mutations

You cannot wear armour.
You are incapable of wielding weapons or throwing items.
Your paws allow you to move quietly. (Stealth)
You have sharp claws.
You have razor-sharp teeth.
You have supernaturally acute eyesight. (SInv)
You are carnivorous and can eat meat at any time.
You cover ground quickly.
You are covered in fur. (AC +1)
You have a slow metabolism.
Your sharp claws are effective at attacking unaware monsters.


Message History

Aiming: Sandblast
Press: ? - help, Shift-Dir - straight line, f/p - orc
Aim: an orc, wielding a club and wearing a ring mail (heavily wounded)
The blast of sand hits the orc.
The orc is heavily wounded.
b - 27 stones
Casting: Sandblast
Confirm with . or Enter, or press ? or * to list all spells.
Aiming: Sandblast
Press: ? - help, Shift-Dir - straight line, f/p - orc
Aim: an orc, wielding a club and wearing a ring mail (moderately wounded)
The blast of sand hits the orc.
The orc is moderately wounded.
b - 26 stones
Casting: Sandblast
Confirm with . or Enter, or press ? or * to list all spells.
Aiming: Sandblast
Press: ? - help, Shift-Dir - straight line, f/p - orc
Aim: an orc, wielding a club and wearing a ring mail (moderately wounded)
The blast of sand misses the orc.
b - 25 stones The orc hits you with a club.
* * * LOW HITPOINT WARNING * * *
Casting: Sandblast
Confirm with . or Enter, or press ? or * to list all spells.
Aiming: Sandblast
Press: ? - help, Shift-Dir - straight line, f/p - orc
Aim: an orc, wielding a club and wearing a ring mail (moderately wounded)
The blast of sand hits the orc.
You kill the orc!
b - 24 stones
Found a potion of flight.
Things that are here:
a club; a ring mail
Found 4 gold pieces.
A leopard gecko skeleton comes into view.
The leopard gecko skeleton moves out of view.
Found Soigin's Book Shop.
Found a scroll of identify.
You see here a potion of flight.
e - 4 potions of flight (gained 1)
Found 14 sling bullets.
There is an entrance to Soigin's Book Shop here.
You can access your shopping list by pressing '$'.
You see here 4 gold pieces.
You now have 60 gold pieces (gained 4).
There is an entrance to Soigin's Book Shop here.
An adder comes into view.
The adder hisses angrily.
Casting: Sandblast
Confirm with . or Enter, or press ? or * to list all spells.
Aiming: Sandblast
Press: ? - help, Shift-Dir - straight line, f - adder
Aim: an adder The blast of sand hits the adder.
The adder is almost dead.
b - 23 stones The adder closely misses you.
The adder bites you.
* * * LOW HITPOINT WARNING * * *
You are lethally poisoned!
The adder poisons you!
Casting: Sandblast
Confirm with . or Enter, or press ? or * to list all spells.
Aiming: Sandblast
Press: ? - help, Shift-Dir - straight line, f/p - adder
Aim: an adder (almost dead)
The blast of sand hits the adder.
You kill the adder!
b - 22 stones
* * * LOW HITPOINT WARNING * * *
You feel sick.
Okay, then.
Wield which item (- for none, * to show all)? (? for menu, Esc to quit)
j - a scroll of identify (in mouth)
You swing at nothing.
* * * LOW HITPOINT WARNING * * *
You feel sick.
You swing at nothing.
You swing at nothing.
* * * LOW HITPOINT WARNING * * *
You feel sick.
You swing at nothing.
You swing at nothing.
You swing at nothing.
* * * LOW HITPOINT WARNING * * *
You feel sick.
You swing at nothing.
You swing at nothing.
You swing at nothing.
* * * LOW HITPOINT WARNING * * *
You feel sick.
You swing at nothing.
You swing at nothing.
You die...
You feel sick.
You are no longer poisoned.
You are now level 3!
You rejoin the land of the living...
Found a scroll labeled JENNOSEUBBU.
Found a stone staircase leading up.
Are you sure you want to abandon this character and quit the game? (Confirm with "yes".)

...# ...####
### .......
#..# #######
...# # # ...
# .. #. .. #
..?.#.##.###
#
...........#
# #@.# #
#..# ####
#..# ...#
#..# ...#
#<.# ...#
.... ...#
#### ...#
...#


There were no monsters in sight!

Vanquished Creatures
  4 gnolls (D:2)
  4 adders
  2 dart slugs (D:2)
  A leopard gecko (D:1)
  An orc (D:4)
  3 giant cockroaches
  4 goblins
  A hobgoblin (D:2)
  A kobold (D:2)
  2 bats (D:2)
  A frilled lizard (D:1)
  A rat (D:1)
25 creatures vanquished.

Notes
Turn   | Place    | Note
-------+----------+-------------------------------------------
     0 | D:1      | tidbits the Felid Earth Elementalist began the quest for the Orb.
     0 | D:1      | Reached XP level 1. HP: 7/7 MP: 4/4
    43 | D:1      | Reached skill level 3 in Stealth
   117 | D:1      | Reached skill level 1 in Unarmed Combat
   163 | D:2      | Reached XP level 2. HP: 7/11 MP: 3/6
   167 | D:2      | Learned a level 2 spell: Passwall
   220 | D:2      | Reached skill level 4 in Stealth
   220 | D:2      | Reached XP level 3. HP: 10/14 MP: 5/7
   220 | D:2      | Reached skill level 2 in Unarmed Combat
   336 | D:3      | Reached XP level 4. HP: 11/18 MP: 6/8
   381 | D:4      | Reached skill level 5 in Stealth
   396 | D:4      | Found Soigin's Book Shop.
   427 | D:4      | HP: 1/18 [poisoned by an adder]
   429 | D:4      | Succumbed to an adder's poison
   430 | D:4      | Reached XP level 3. HP: 0/14 MP: 5/7
   430 | D:4      | Quit the game

Skill      XL: |  1  2  3  4 |
---------------+-------------+-----
Stealth        | 3 4 5 |  5.2
Unarmed Combat | 1 2 |  2.8
Dodging        | |  2.6
Spellcasting   | |  2.0
Transmutations | |  1.1
Earth Magic    | |  2.6

Action                   |  1- 3 |  4- 6 || total
-------------------------+-------+-------++-------
Melee: Unarmed           |     9 |     2 ||    11
 Cast: Sandblast         |    15 |     7 ||    22
       Passwall          |       |     1 ||     1
Evoke: Wand              |     1 |       ||     1
  Use: Scroll            |     3 |       ||     3
 Stab: Sleeping          |     7 |     2 ||     9
  Eat: Chunk             |     4 |       ||     4
Dodge: Dodged            |     3 |     2 ||     5

Table legend:
 A = Turns spent in this place as a percentage of turns spent in the entire game.
 B = Non-inter-level travel turns spent in this place as a percentage of non-inter-level travel turns spent in the entire game.
 C = Inter-level travel turns spent in this place as a percentage of turns spent in this place.
 D = Turns resting spent in this place as a percentage of non-inter-level travel turns spent in this place.
 E = Turns spent auto-exploring this place as a percentage of non-inter-level travel turns spent in this place.
 F = Non-inter-level travel turns spent in this place divided by the number of levels of this place that you've seen.
                   A       B       C       D       E      F
               +-------+-------+-------+-------+-------+----------------------
         Total | 100.0 | 100.0 |   0.0 |   0.0 |   0.0 | 107.5
       Dungeon | 100.0 | 100.0 |   0.0 |   0.0 |   0.0 | 107.5
               +-------+-------+-------+-------+-------+----------------------

Table legend:
 A = Kills in this place as a percentage of kills in entire the game.
 B = Kills by you in this place as a percentage of kills by you in the entire game.
 C = Kills by friends in this place as a percentage of kills by friends in the entire game.
 D = Other kills in this place as a percentage of other kills in the entire game.
 E = Experience gained in this place as a percentage of experience gained in the entire game.
 F = Experience gained in this place divided by the number of levels of this place that you have seen.
                   A       B       C       D       E      F
               +-------+-------+-------+-------+-------+----------------------
         Total | 100.0 | 100.0 |   N/A |   N/A | 100.0 |  37.0
       Dungeon | 100.0 | 100.0 |   N/A |   N/A | 100.0 |  37.0
               +-------+-------+-------+-------+-------+----------------------

Vault maps used:
D:1:      minmay_arrival_checkered_box, hangedman_abyss_or_decor_stabs
D:3:      first_ration, uniq_crazy_yiuf_cottage, uniq_grinder, uniq_sigmund
D:4:      serial_shops, shop
